Workbook
Name _____ACT1: #REF!
Name _____ACT2: #REF!
Name _____VLR1: (#REF!)
Name ____ACT1: #REF!
Name ____ACT2: #REF!
Name ____VLR1: (#REF!)
Name ___ACT1: #REF!
Name ___ACT2: #REF!
Name ___VLR1: (#REF!)
Name __ACT1: #REF!
Name __ACT2: #REF!
Name __POA2: #REF!
Name __VLR1: (#REF!)
Name _2: #REF!
Name _6: #REF!
Name _ACT1: #REF!
Name _ACT2: #REF!
Name _POA2: #REF!
Name _POAAAA: #REF!
Name _VLR1: (#REF!)
Name aaa: #REF!
Name AAAAAA: #REF!
Name ACUM: #REF!
Name ACUM1: (#REF!)
Name ACUM2: #REF!
Name alo: #REF!
Name e: #REF!
Name ffff: #REF!
Name Garfico1: #REF!
Name GGGGGGG: #REF!
Name GRAFI: #REF!
Name GRAFI1: #REF!
Name GRAFICO: #REF!
Name POA_21: #REF!
Name Pres: #REF!
Name PUNT1: #REF!
Name PUNT2: #REF!
Name RANGO1: #REF!
Name Reesumen: #REF!
Name Resumen: #REF!
Name resumencito: #REF!
Name SFGH: #REF!
Name Tabla_asignación: #REF!
Name Tabla_Recursos: #REF!
Name TTTTT: #REF!

Sheet Form 3-Presupuesto Proyecto-VF
A1: F-GO-8.1.7 V0_2026
A2: (Nombre de la organización ejecutora)
A3: [Título del Proyecto]
A4: Formulario 3 - Presupuesto del Proyecto
A6: Ente financiador (Columna opcional si aplica - ver nota 1 debajo ) | B6: Código por Producto y Actividad | C6: Código Presupuestario Proyecto | D6: Detalle de nombre de Productos, Actividades y Partidas Presupuestarias (Costos Directos y Costos Indirectos) | E6: PRESUPUESTO
E7: Solicitud de Financiamiento en Efectivo | F7: Porcentaje del Presupuesto del Proyecto (%) | G7: Contrapartida de la organización ejecutora y otros aportes | I7: TOTAL
G8: En Efectivo | H8: En Especie
D9: COSTOS DIRECTOS DEL PROYECTO
D10: Productos para entregar por el Proyecto [suma del presupuesto de los Productos] | E10: =SUM(E11+E18+E25+E29) -> 35525 | F10: =E10/E86 -> 0.49 | G10: =G11+G18+G25+G29 -> 0 | H10: =H11+H18+H25+H29 -> 0 | I10: =E10+G10+H10 -> 35525
B11: 1 | D11: Producto No. 1: (Colocar nombre del producto a entregar) | E11: =E12+E15 -> 10657.5 | G11: =G12+G15 -> 0 | H11: =H12+H15 -> 0 | I11: =E11+G11+H11 -> 10657.5
B12: 1.1 | D12: Nombre de la actividad a realizar ( colocar nombre la actividad que se va a realizar ) | E12: =ROUND(Supuestos!$C$17/2,2) -> 5328.75 | G12: =SUM(G13:G14) -> 0 | H12: =SUM(H13:H14) -> 0 | I12: =E12+G12+H12 -> 5328.75
C13: 600 | D13: Partida presupuestaria ( Colocar el nombre del rubro presupuestario que se va a realizar ) | E13: =ROUND(E12/2,2) -> 2664.38 | I13: =E13+G13+H13 -> 2664.38
C14: xxx | D14: Partida presupuestaria ( Colocar el nombre del rubro presupuestario que se va a realizar ) | E14: =E12-E13 -> 2664.37 | I14: =E14+G14+H14 -> 2664.37
B15: 1.2 | D15: Nombre de la actividad a realizar ( colocar nombre la actividad que se va a realizar ) | E15: =Supuestos!$C$17-E12 -> 5328.75 | G15: =SUM(G16:G17) -> 0 | H15: =SUM(H16:H17) -> 0 | I15: =E15+G15+H15 -> 5328.75
C16: xxx | D16: Partida presupuestaria ( Colocar el nombre del rubro presupuestario que se va a realizar ) | E16: =ROUND(E15/2,2) -> 2664.38 | I16: =E16+G16+H16 -> 2664.38
C17: xxx | D17: Partida presupuestaria ( Colocar el nombre del rubro presupuestario que se va a realizar ) | E17: =E15-E16 -> 2664.37 | I17: =E17+G17+H17 -> 2664.37
B18: 2 | D18: Producto No. 2: (Colocar nombre del producto a entregar) | E18: =E19+E22 -> 8881.25 | G18: =G19+G22 -> 0 | H18: =H19+H22 -> 0 | I18: =E18+G18+H18 -> 8881.25
B19: 2.1 | D19: Nombre de la actividad a realizar ( colocar nombre la actividad que se va a realizar ) | E19: =ROUND(Supuestos!$C$18/2,2) -> 4440.63 | G19: =SUM(G20:G21) -> 0 | H19: =SUM(H20:H21) -> 0 | I19: =E19+G19+H19 -> 4440.63
C20: xxx | D20: Partida presupuestaria ( Colocar el nombre del rubro presupuestario que se va a realizar ) | E20: =ROUND(E19/2,2) -> 2220.32 | I20: =E20+G20+H20 -> 2220.32
C21: xxx | D21: Partida presupuestaria ( Colocar el nombre del rubro presupuestario que se va a realizar ) | E21: =E19-E20 -> 2220.31 | I21: =E21+G21+H21 -> 2220.31
B22: 2.2 | D22: Nombre de la actividad a realizar ( colocar nombre la actividad que se va a realizar ) | E22: =Supuestos!$C$18-E19 -> 4440.62 | G22: =SUM(G23:G24) -> 0 | H22: =SUM(H23:H24) -> 0 | I22: =E22+G22+H22 -> 4440.62
C23: xxx | D23: Partida presupuestaria ( Colocar el nombre del rubro presupuestario que se va a realizar ) | E23: =ROUND(E22/2,2) -> 2220.31 | I23: =E23+G23+H23 -> 2220.31
C24: xxx | D24: Partida presupuestaria ( Colocar el nombre del rubro presupuestario que se va a realizar ) | E24: =E22-E23 -> 2220.31 | I24: =E24+G24+H24 -> 2220.31
B25: 3 | D25: Producto No. 3: (Colocar nombre del producto a entregar) | E25: =SUM(E26) -> 8881.25 | G25: =SUM(G26) -> 0 | H25: =SUM(H26) -> 0 | I25: =E25+G25+H25 -> 8881.25
B26: 3.1 | D26: Nombre de la actividad a realizar ( colocar nombre la actividad que se va a realizar ) | E26: =SUM(E27:E28) -> 8881.25 | G26: =SUM(G27:G28) -> 0 | H26: =SUM(H27:H28) -> 0 | I26: =E26+G26+H26 -> 8881.25
C27: xxx | D27: Partida presupuestaria ( Colocar el nombre del rubro presupuestario que se va a realizar ) | E27: =ROUND(Supuestos!$C$19/2,2) -> 4440.63 | I27: =E27+G27+H27 -> 4440.63
C28: xxx | D28: Partida presupuestaria ( Colocar el nombre del rubro presupuestario que se va a realizar ) | E28: =Supuestos!$C$19-E27 -> 4440.62 | I28: =E28+G28+H28 -> 4440.62
B29: 4 | D29: Producto No. 4: (Colocar nombre del producto a entregar) | E29: =SUM(E30) -> 7105 | G29: =SUM(G30) -> 0 | H29: =SUM(H30) -> 0 | I29: =E29+G29+H29 -> 7105
B30: 4.1 | D30: Nombre de la actividad a realizar ( colocar nombre la actividad que se va a realizar ) | E30: =SUM(E31:E32) -> 7105 | G30: =SUM(G31:G32) -> 0 | H30: =SUM(H31:H32) -> 0 | I30: =E30+G30+H30 -> 7105
C31: xxx | D31: Partida presupuestaria ( Colocar el nombre del rubro presupuestario que se va a realizar ) | E31: =ROUND(Supuestos!$C$20/2,2) -> 3552.5 | I31: =E31+G31+H31 -> 3552.5
C32: xxx | D32: Partida presupuestaria ( Colocar el nombre del rubro presupuestario que se va a realizar ) | E32: =Supuestos!$C$20-E31 -> 3552.5 | I32: =E32+G32+H32 -> 3552.5
B33: 5 | D33: Contingencias o mitigación de riesgos [hasta 1% del Presupuesto Total del Proyecto] | E33: =Supuestos!$C$8 -> 725 | F33: =E33/E86 -> 0.01 | I33: =E33+G33+H33 -> 725
D34: Planificación y Divulgación del Proyecto [hasta 2% del Presupuesto Total de los Proyecto] | E34: =+E35+E39+E43 -> 1450 | F34: =E34/E86 -> 0.02 | G34: =G35+G39+G43 -> 0 | H34: =H35+H39+H43 -> 0 | I34: =E34+G34+H34 -> 1450
B35: 6 | D35: Plan de Gestión de Riesgo | E35: =+E36 -> 435 | G35: =G36 -> 0 | H35: =H36 -> 0 | I35: =E35+G35+H35 -> 435
B36: 6.1 | D36: Nombre de la actividad a realizar ( colocar nombre la actividad que se va a realizar ) | E36: =SUM(E37:E38) -> 435 | G36: =SUM(G37:G38) -> 0 | H36: =SUM(H37:H38) -> 0 | I36: =E36+G36+H36 -> 435
C37: xxx | D37: Partida presupuestaria ( Colocar el nombre del rubro presupuestario que se va a realizar ) | E37: =ROUND(Supuestos!$C$24/2,2) -> 217.5 | I37: =E37+G37+H37 -> 217.5
C38: xxx | D38: Partida presupuestaria ( Colocar el nombre del rubro presupuestario que se va a realizar ) | E38: =Supuestos!$C$24-E37 -> 217.5 | I38: =E38+G38+H38 -> 217.5
B39: 7 | D39: Plan de Gestión Ambiental y Social ( si aplica) | E39: =+E40 -> 435 | G39: =G40 -> 0 | H39: =H40 -> 0 | I39: =E39+G39+H39 -> 435
B40: 7.1 | D40: Nombre de la actividad a realizar ( colocar nombre la actividad que se va a realizar ) | E40: =SUM(E41:E42) -> 435 | G40: =SUM(G41:G42) -> 0 | H40: =SUM(H41:H42) -> 0 | I40: =E40+G40+H40 -> 435
C41: xxx | D41: Partida presupuestaria ( Colocar el nombre del rubro presupuestario que se va a realizar ) | E41: =ROUND(Supuestos!$C$25/2,2) -> 217.5 | I41: =E41+G41+H41 -> 217.5
C42: xxx | D42: Partida presupuestaria ( Colocar el nombre del rubro presupuestario que se va a realizar ) | E42: =Supuestos!$C$25-E41 -> 217.5 | I42: =E42+G42+H42 -> 217.5
B43: 8 | D43: Plan de Comunicación del Proyecto | E43: =+E44 -> 580 | G43: =G44 -> 0 | H43: =H44 -> 0 | I43: =E43+G43+H43 -> 580
B44: 8.1 | D44: Nombre de la actividad a realizar ( colocar nombre la actividad que se va a realizar ) | E44: =SUM(E45:E46) -> 580 | G44: =SUM(G45:G46) -> 0 | H44: =SUM(H45:H46) -> 0 | I44: =E44+G44+H44 -> 580
C45: xxx | D45: Partida presupuestaria ( Colocar el nombre del rubro presupuestario que se va a realizar ) | E45: =ROUND(Supuestos!$C$26/2,2) -> 290 | I45: =E45+G45+H45 -> 290
C46: xxx | D46: Partida presupuestaria ( Colocar el nombre del rubro presupuestario que se va a realizar ) | E46: =Supuestos!$C$26-E45 -> 290 | I46: =E46+G46+H46 -> 290
D47: Inversión en Equipo y Herramientas para el Proyecto [hasta 2% del Total del Proyecto.] | E47: =SUM(E48:E55) -> 1450 | F47: =+E47/E86 -> 0.02 | G47: =SUM(G48:G55) -> 0 | H47: =SUM(H48:H55) -> 0 | I47: =E47+G47+H47 -> 1450
B48: 9 | D48: Inversión en Equipo y Herramientas
B49: 9.1 | D49: Adquisición de equipos y herramientas para el proyecto
C50: xxx | D50: Equipo Acuático | E50: =Supuestos!$C$30 -> 145 | I50: =E50+G50+H50 -> 145
C51: xxx | D51: Equipo de Comunicación y Audiovisual | E51: =Supuestos!$C$31 -> 362.5 | I51: =E51+G51+H51 -> 362.5
C52: xxx | D52: Equipo de Computo | E52: =Supuestos!$C$32 -> 580 | I52: =E52+G52+H52 -> 580
C53: xxx | D53: Equipo de Campo | E53: =Supuestos!$C$33 -> 362.5 | I53: =E53+G53+H53 -> 362.5
C54: xxx | D54: Equipo Rodante (solo con contrapartida)
C55: xxx | D55: Mobiliario y Equipo de Oficina (solo con contrapartida)
D56: Personal Asignado para el Proyecto [hasta 25% del Total del Proyecto] | E56: =SUM(E57:E60) -> 18125 | F56: =+E56/E86 -> 0.25 | G56: =SUM(G57:G60) -> 0 | H56: =SUM(H57:H60) -> 0 | I56: =E56+G56+H56 -> 18125
B57: 10 | D57: Personal asignado al proyecto
B58: 10.1 | D58: Contratación de personal para el proyecto
C59: xxx | D59: Coordinador del Proyecto ( Salario mas prestaciones sociales) | E59: =Supuestos!$C$38 -> 9968.75 | I59: =E59+G59+H59 -> 9968.75
C60: xxx | D60: Técnico del Proyecto ( Salario mas prestaciones sociales) | E60: =Supuestos!$C$39 -> 8156.25 | I60: =E60+G60+H60 -> 8156.25
D61: Seguimiento, Monitoreo y Evaluación del Proyecto [hasta un 12% del Total del Proyecto] | E61: =+E62 -> 8700 | F61: =+E61/E86 -> 0.12 | G61: =G62 -> 0 | H61: =H62 -> 0 | I61: =E61+G61+H61 -> 8700
B62: 11 | D62: Seguimiento, Monitoreo y Evaluación del Proyecto | E62: =+E63+E65+E67+E69 -> 8700 | G62: =G63+G65+G67+G69 -> 0 | H62: =H63+H65+H67+H69 -> 0 | I62: =E62+G62+H62 -> 8700
B63: 11.1 | D63: Evaluación Intermedia y final del proyecto | E63: =+E64 -> 3306 | G63: =G64 -> 0 | H63: =H64 -> 0 | I63: =E63+G63+H63 -> 3306
C64: xxx | D64: Partida presupuestaria ( Colocar el nombre del rubro presupuestario que se va a realizar ) | E64: =Supuestos!$C$44 -> 3306 | I64: =E64+G64+H64 -> 3306
B65: 11.2 | D65: Plan de Sistematización del Proyecto | E65: =+E66 -> 2479.5 | G65: =G66 -> 0 | H65: =H66 -> 0 | I65: =E65+G65+H65 -> 2479.5
D66: Partida presupuestaria ( Colocar el nombre del rubro presupuestario que se va a realizar ) | E66: =Supuestos!$C$45 -> 2479.5 | I66: =E66+G66+H66 -> 2479.5
B67: 11.3 | C67: xxx | D67: Taller de Cierre del Proyecto | E67: =+E68 -> 2479.5 | G67: =G68 -> 0 | H67: =H68 -> 0 | I67: =E67+G67+H67 -> 2479.5
C68: xxx | D68: Partida presupuestaria ( Colocar el nombre del rubro presupuestario que se va a realizar ) | E68: =Supuestos!$C$46 -> 2479.5 | I68: =E68+G68+H68 -> 2479.5
B69: 11.4 | D69: Auditoria Externa Costos Directos (hasta 5% de este producto) | E69: =+E70 -> 435 | G69: =G70 -> 0 | H69: =H70 -> 0 | I69: =E69+G69+H69 -> 435
C70: xxx | D70: Partida presupuestaria ( Colocar el nombre del rubro presupuestario que se va a realizar ) | E70: =Supuestos!$C$43 -> 435 | I70: =E70+G70+H70 -> 435
D71: TOTAL PRESUPUESTO DE INVERSIÓN DE COSTO DIRECTO DEL PROYECTO | E71: =E10+E33+E34+E47+E56+E61 -> 65975 | F71: =E71/E86 -> 0.91 | G71: =G10+G33+G34+G47+G56+G61 -> 0 | H71: =H10+H33+H34+H47+H56+H61 -> 0 | I71: =E71+G71+H71 -> 65975
D72: COSTOS INDIRECTOS DEL PROYECTO | F72: .
D73: ="PRESUPUESTO DE ADMINISTRACIÓN DE LA ORGANIZACIÓN EJECUTORA ("&TEXT(Supuestos!$C$4,"0.0%")&" del Total del Proyecto) (COSTOS INDIRECTOS)" -> PRESUPUESTO DE ADMINISTRACIÓN DE LA ORGANIZACIÓN EJECUTORA (9.0% del Total del Proyecto) (COSTOS INDIRECTOS) | E73: =E75+E80+E82 -> 6525 | F73: =E73/E86 -> 0.09 | G73: =G75+G80+G82 -> 0 | H73: =H75+H80+H82 -> 0 | I73: =E73+G73+H73 -> 6525
B74: 12 | D74: Gastos operativos de la entidad ejecutora del proyecto
B75: 12.1. | D75: Gastos operativos | E75: =SUM(E76:E79) -> 2610 | F75: =+E75/E$86 -> 0.036 | G75: =SUM(G76:G79) -> 0 | H75: =SUM(H76:H79) -> 0 | I75: =E75+G75+H75 -> 2610
C76: xxx | D76: Alquiler de Equipo | E76: =Supuestos!$C$56 -> 652.5 | F76: =+E76/E$86 -> 0.009 | I76: =E76+G76+H76 -> 652.5
C77: xxx | D77: Alquiler de Local | E77: =Supuestos!$C$57 -> 913.5 | F77: =+E77/E$86 -> 0.0126 | I77: =E77+G77+H77 -> 913.5
C78: xxx | D78: Papelería y Útiles de Oficina | E78: =Supuestos!$C$58 -> 522 | F78: =+E78/E$86 -> 0.0072 | I78: =E78+G78+H78 -> 522
C79: xxx | D79: Cargos Bancarios | E79: =Supuestos!$C$59 -> 522 | F79: =+E79/E$86 -> 0.0072 | I79: =E79+G79+H79 -> 522
B80: 12.2 | D80: Gastos de Personal Operativo | E80: =E81 -> 2283.75 | F80: =+E80/E$86 -> 0.0315 | G80: =G81 -> 0 | H80: =H81 -> 0 | I80: =E80+G80+H80 -> 2283.75
C81: xxx | D81: Consultoría y honorarios profesionales | E81: =Supuestos!$C$51 -> 2283.75 | F81: =+E81/E$86 -> 0.0315 | I81: =E81+G81+H81 -> 2283.75
B82: 12.3 | D82: Servicios Básicos | E82: =SUM(E83:E85) -> 1631.25 | F82: =+E82/E$86 -> 0.0225 | G82: =SUM(G83:G85) -> 0 | H82: =SUM(H83:H85) -> 0 | I82: =E82+G82+H82 -> 1631.25
C83: xxx | D83: Agua | E83: =Supuestos!$C$63 -> 326.25 | F83: =+E83/E$86 -> 0.0045 | I83: =E83+G83+H83 -> 326.25
C84: xxx | D84: Energía Eléctrica | E84: =Supuestos!$C$64 -> 734.06 | F84: =+E84/E$86 -> 0.010124966 | I84: =E84+G84+H84 -> 734.06
C85: xxx | D85: Telecomunicaciones fija y móvil | E85: =Supuestos!$C$65 -> 570.94 | F85: =+E85/E$86 -> 0.0078750345 | I85: =E85+G85+H85 -> 570.94
D86: TOTAL DE PRESUPUESTO DEL PROYECTO [Total costos directos + costos indirectos] | E86: =E71+E73 -> 72500 | F86: =F10+F33+F34+F47+F56+F61+F73 -> 1 | G86: =G71+G73 -> 0 | H86: =H71+H73 -> 0 | I86: =E86+G86+H86 -> 72500
E87: % | G87: %
D88: Firma: _________________________________________ | E88: Dividir el Total del Presupuesto del Proyecto (I) entre el Total de Presupuesto del Proyecto E | G88: Sumar el Total de las Columnas G y H y dividir este resultado entre el Total de la Columna I
D89: Nombre: _______________________________________
D90: Cargo: ________________________________________ | E90: Nombre, firma y cargo de la persona en la organización proponente responsable por la autorización/aprobación del presupuesto del proyecto.
D91: Fecha: ________________________________________
D96: Nota 1: Esta columna es opcional, se coloca solamente si se establece en los términos de referencia que se debe incluir el código presupuestario solicitado por la entidad financiadora del fondo.
D100: Nota 2: Los montos incluidos en este formulario son solo ejemplos. La organización deberá completar el formulario con los montos estimados de los gastos del proyecto que presenta en su propuesta, con base a los términos de referencia.

Sheet Form 3 - Instructivo  Pres Proy
A2: FUNDACIÓN NATURA
A3: Instructivo Formulario 3 - Presupuesto del Proyecto
A5: COLUMNA | B5: DESCRIPCIÓN
A6: Ente financiador | B6: Esta columna solo aplica en los casos que Fundación Natura solicite colocar el código de la entidad financiadora. En los casos que no aplique se debe mantener oculta.
A7: Código por Producto y Actividad | B7: Está columna incluye Códigos numéricos comenzando por el número 1 para referenciar el nombre del Producto y 1.1 para referenciar el nombre de la Actividad a realizar y asi sucesivamente para los demas productos (Producto 2, Actividad 2.1).
A8: Código Presupuestario Proyecto | B8: Está columna debe presentar los códigos de las partidas presupuestarias a utilizar por la entidad ejecutora, de acuerdo al requerimiento de cada actividad, ver Codificador Presupuestario.
A9: Detalle de nombre de Productos, Actividades y Partidas Presupuestarias (Costos Directos y Costos Indirectos) | B9: En está columna se asignan los nombres de los productos, actividades y renglones presupuestario a utilizar en los costos directos y costos indirectos del proyecto.
B10: Productos para entregar por el Proyecto: En esta fila se deben colocar todos los productos del proyecto con sus actividades y partidas presupuestarias correspondientes.
B11: Contingencias o mitigación de riesgos: En esta fila se debe colocar los montos que se estimen en presupuesto para el tratamiento de riesgos que no puedan ser proyectados en la planificación inicial.
B12: Planificación y Divulgación del Proyecto: Se deberá incluir al menos tres (3) instrumentos de planificación que debe elaborar la organización ejecutora y su presupuesto no debe sobrepasar el 2% del Total del Presupuesto del Proyecto. Los instrumentos para elaborar son: (i) Plan de Gestión de Riesgos; (ii) Plan de Gestión Ambiental y Social; y (iii) Plan de Comunicación del Proyecto.
B13: Inversión en Equipo y Herramientas para el Proyecto : Corresponde a los montos (efectivo o contrapartida) a colocar en los equipos o herramientas a utilizar en el proyecto.
B14: Personal Asignado para el Proyecto : En esta fila se coloca el presupuesto asignado al personal del proyecto (coordinador y ó técnico del proyecto), incluyendo sus prestaciones sociales en la Caja de Seguro Sociales(CSS).
B15: Seguimiento, Monitoreo y Evaluación del Proyecto: Esta fila deberá incluir los montos de los gastos para el seguimiento y evaluación del proyecto (evaluación intemedia y final, sistematización del proyecto, evento de cierre del proyecto, auditoría externa del proyecto).
B16: Gastos administrativos de la entidad ejecutora del proyecto: Está fila aplica para los gastos administrativos del proyecto. No deben sobrepasar el 9% del total del presupuesto del proyecto.
A17: Solicitud de Financiamiento en Efectivo | B17: En está columna se presenta el monto en efectivo solicitado al fondo.
A18: Porcentaje del Presupuesto del Proyecto (%) | B18: Esta columna corresponde al porcentaje resultante de dividir los productos y sub totales de las partidas presupuestarias entre el presupuesto total; tanto en los costos directos como en los costos indirectos.
A19: Contrapartida de la organización ejecutora y otros aportes | B19: Contrapartida mínima de 10% como aporte de la organización en efectivo o en especie, las cuales se deben presentar por separado.
A20: Total | B20: En esta columna, se totalizan las columna de solicitud de financiamiento en efectivo y contrapartida de la organización y otros aportes en efectivo o especie.

Sheet Form 3-Codificador Pre
C2: Fundación NATURA
B3: Codificador Presupuestario
B5: Plan de Cuentas Presupuestarias
B6: Código | C6: Partida Presupuestaria | D6: Descripción del Gasto
B7: Inversión en equipo y herramientas para le proyecto
B8: 501 | C8: Equipo de Campo (Herramientas) | D8: Instrumentos y materiales empleados en actividades prácticas fuera de la oficina: palas, picos, machetes, kits de medición, mochilas, carpas, GPS, entre otros. Se utilizan en proyectos comunitarios, ambientales o de asistencia directa
B9: 502 | C9: Equipo de Computo | D9: Computadoras, laptops, servidores, impresoras, escáneres y periféricos. Incluye software esencial para la gestión administrativa, contable y de proyectos
B10: 503 | C10: Equipo de Oficina | D10: Bienes materiales, muebles y dispositivos utilizados en una oficina para facilitar las labores administrativas, de gestión y apoyo. Incluye todos aquellos elementos que permiten el desarrollo eficiente de las actividades diarias del personal
B11: 504 | C11: Herramientas y equipos | D11: Adquisición de equipos menores y herramientas
B12: 505 | C12: Mobiliario de oficina | D12: Bienes destinados al funcionamiento administrativo: escritorios, sillas, archivadores, estanterías, mesas de reuniones y otros muebles que facilitan la gestión interna
B13: Códigos de gastos presupuestarios
B14: 600 | C14: Agua | D14: Gasto de agua
B15: 601 | C15: Alimentación | D15: Provisión de comidas para actividades
B16: 602 | C16: Alquiler de autos | D16: Contracción de alquiler de autos a empresas para desarrollo de logísticas de actividades especiales.
B17: 603 | C17: Alquiler de equipo | D17: Gasto de alquiler en maquinaria, herramientas, dispositivos tecnológicos u otros bienes necesarios para realizar una actividad o proyecto
B18: 604 | C18: Alquiler de local | D18: Gasto de alquiler de oficina del proyecto
B19: 605 | C19: Alquiler otros | D19: Otros alquileres (alarmas, equipos, etc.)
B20: 606 | C20: Auditoría externa | D20: Servicios externos de auditoria independiente para el proyecto
B21: 607 | C21: Capacitación del personal | D21: Cursos y talleres aprobados por el proyecto
B22: 608 | C22: Combustibles y Lubricantes | D22: Gasolina o diésel para vehículos utilizados para actividades del proyecto
B23: 609 | C23: Consultoría y honorarios profesionales | D23: Gastos para contratación de servicios profesionales que realicen estudios especializados u otras actividades relacionados al proyecto
B24: 610 | C24: Correo, encomienda y apartado Postal | D24: Gasto de envió de encomienda o mensajería relacionada al proyecto
B25: 611 | C25: Divulgación y Promoción | D25: Gastos para la promoción, comunicación a través de medios radiales, televisivos o redes sociales
... B49: 635 | C49: Viáticos | D49: Recursos destinados a cubrir los gastos de viaje y estadía del personal cuando deben desplazarse fuera de su lugar habitual de trabajo para cumplir actividades del proyecto. Incluye, alojamiento, alimentación y otros gastos menores relacionados con la misión.

Sheet Supuestos
A1: Supuestos y Parámetros del Presupuesto del Proyecto
A2: EJEMPLO ILUSTRATIVO — las cifras no corresponden al presupuesto real. Celdas en AZUL = datos de entrada editables. Celdas en NEGRO = fórmulas calculadas.
A3: Presupuesto total del proyecto (B/.) | C3: 72500
A4: Tope de gastos administrativos / costos indirectos (% del total) | C4: 0.09
A6: Componente del presupuesto | B6: % del total | C6: Monto (B/.) | D6: Tope normativo | E6: Estado
A7: Productos del proyecto (residual) | B7: =C7/$C$3 -> 0.49 | C7: =ROUND($C$3-SUM(C8:C13),2) -> 35525 | D7: n/a | E7: =IF(C7>0,"OK","REVISAR") -> OK
A8: Contingencias o mitigación de riesgos | B8: 0.01 | C8: =ROUND($C$3*B8,2) -> 725 | D8: 0.01 | E8: =IF(B8<=D8+0.000001,"OK","EXCEDE TOPE") -> OK
A9: Planificación y Divulgación del Proyecto | B9: 0.02 | C9: =ROUND($C$3*B9,2) -> 1450 | D9: 0.02 | E9: =IF(B9<=D9+0.000001,"OK","EXCEDE TOPE") -> OK
A10: Inversión en Equipo y Herramientas | B10: 0.02 | C10: =ROUND($C$3*B10,2) -> 1450 | D10: 0.02 | E10: =IF(B10<=D10+0.000001,"OK","EXCEDE TOPE") -> OK
A11: Personal Asignado para el Proyecto | B11: 0.25 | C11: =ROUND($C$3*B11,2) -> 18125 | D11: 0.25 | E11: =IF(B11<=D11+0.000001,"OK","EXCEDE TOPE") -> OK
A12: Seguimiento, Monitoreo y Evaluación | B12: 0.12 | C12: =ROUND($C$3*B12,2) -> 8700 | D12: 0.12 | E12: =IF(B12<=D12+0.000001,"OK","EXCEDE TOPE") -> OK
A13: Administración de la organización (COSTOS INDIRECTOS) | B13: =$C$4 -> 0.09 | C13: =ROUND($C$3*B13,2) -> 6525 | D13: 0.09 | E13: =IF(B13<=D13+0.000001,"OK","EXCEDE TOPE") -> OK
A14: TOTAL | B14: =SUM(B7:B13) -> 1 | C14: =SUM(C7:C13) -> 72500 | E14: =IF(ABS(B14-1)<0.000001,"OK","REVISAR") -> OK
A16: Distribución interna — Productos del Proyecto | B16: Peso | C16: Monto (B/.)
A17: Producto No. 1 | B17: 0.3 | C17: =ROUND($C$7*B17,2) -> 10657.5
A18: Producto No. 2 | B18: 0.25 | C18: =ROUND($C$7*B18,2) -> 8881.25
A19: Producto No. 3 | B19: 0.25 | C19: =ROUND($C$7*B19,2) -> 8881.25
A20: Producto No. 4 (ajuste de cuadre) | B20: =1-SUM(B17:B19) -> 0.2 | C20: =$C$7-C17-C18-C19 -> 7105
A21: Total | B21: =SUM(B17:B20) -> 1 | C21: =SUM(C17:C20) -> 35525
A23: Distribución — Planificación y Divulgación | B23: Peso | C23: Monto (B/.)
A24: Plan de Gestión de Riesgo | B24: 0.3 | C24: =ROUND($C$9*B24,2) -> 435
A25: Plan de Gestión Ambiental y Social | B25: 0.3 | C25: =ROUND($C$9*B25,2) -> 435
A26: Plan de Comunicación del Proyecto (ajuste de cuadre) | B26: =1-SUM(B24:B25) -> 0.4 | C26: =$C$9-C24-C25 -> 580
A27: Total | B27: =SUM(B24:B26) -> 1 | C27: =SUM(C24:C26) -> 1450
A29: Distribución — Inversión en Equipo y Herramientas | B29: Peso | C29: Monto (B/.)
A30: Equipo Acuático | B30: 0.1 | C30: =ROUND($C$10*B30,2) -> 145
A31: Equipo de Comunicación y Audiovisual | B31: 0.25 | C31: =ROUND($C$10*B31,2) -> 362.5
A32: Equipo de Cómputo | B32: 0.4 | C32: =ROUND($C$10*B32,2) -> 580
A33: Equipo de Campo (ajuste de cuadre) | B33: =1-SUM(B30:B32) -> 0.25 | C33: =$C$10-C30-C31-C32 -> 362.5
A34: Total | B34: =SUM(B30:B33) -> 1 | C34: =SUM(C30:C33) -> 1450
A35: Nota: Equipo Rodante y Mobiliario de Oficina solo se financian con contrapartida; se mantienen en cero en la solicitud de financiamiento.
A37: Distribución — Personal Asignado | B37: Peso | C37: Monto (B/.)
A38: Coordinador del Proyecto (salario + prestaciones) | B38: 0.55 | C38: =ROUND($C$11*B38,2) -> 9968.75
A39: Técnico del Proyecto (ajuste de cuadre) | B39: =1-B38 -> 0.45 | C39: =$C$11-C38 -> 8156.25
A40: Total | B40: =SUM(B38:B39) -> 1 | C40: =SUM(C38:C39) -> 18125
A42: Distribución — Seguimiento, Monitoreo y Evaluación | B42: Peso | C42: Monto (B/.) | D42: Tope | E42: Estado
A43: Auditoría Externa Costos Directos (% de este producto) | B43: 0.05 | C43: =ROUND($C$12*B43,2) -> 435 | D43: 0.05 | E43: =IF(B43<=D43+0.000001,"OK","EXCEDE TOPE") -> OK
A44: Evaluación intermedia y final (% del resto) | B44: 0.4 | C44: =ROUND(($C$12-$C$43)*B44,2) -> 3306
A45: Plan de Sistematización (% del resto) | B45: 0.3 | C45: =ROUND(($C$12-$C$43)*B45,2) -> 2479.5
A46: Taller de Cierre (ajuste de cuadre) | B46: =1-SUM(B44:B45) -> 0.3 | C46: =$C$12-C43-C44-C45 -> 2479.5
A47: Total | C47: =SUM(C43:C46) -> 8700
A49: Distribución — Administración / Costos Indirectos | B49: Peso | C49: Monto (B/.)
A50: 12.1 Gastos administrativos | B50: 0.4 | C50: =ROUND($C$13*B50,2) -> 2610
A51: 12.2 Gastos de Personal Administrativo | B51: 0.35 | C51: =ROUND($C$13*B51,2) -> 2283.75
A52: 12.3 Servicios Básicos (ajuste de cuadre) | B52: =1-SUM(B50:B51) -> 0.25 | C52: =$C$13-C50-C51 -> 1631.25
A53: Total | B53: =SUM(B50:B52) -> 1 | C53: =SUM(C50:C52) -> 6525
A55: Detalle 12.1 — Gastos administrativos | B55: Peso | C55: Monto (B/.)
A56: Alquiler de Equipo | B56: 0.25 | C56: =ROUND($C$50*B56,2) -> 652.5
A57: Alquiler de Local | B57: 0.35 | C57: =ROUND($C$50*B57,2) -> 913.5
A58: Papelería y Útiles de Oficina | B58: 0.2 | C58: =ROUND($C$50*B58,2) -> 522
A59: Cargos Bancarios (ajuste de cuadre) | B59: =1-SUM(B56:B58) -> 0.2 | C59: =$C$50-C56-C57-C58 -> 522
A60: Total | B60: =SUM(B56:B59) -> 1 | C60: =SUM(C56:C59) -> 2610
A62: Detalle 12.3 — Servicios Básicos | B62: Peso | C62: Monto (B/.)
A63: Agua | B63: 0.2 | C63: =ROUND($C$52*B63,2) -> 326.25
A64: Energía Eléctrica | B64: 0.45 | C64: =ROUND($C$52*B64,2) -> 734.06
A65: Telecomunicaciones fija y móvil (ajuste de cuadre) | B65: =1-SUM(B63:B64) -> 0.35 | C65: =$C$52-C63-C64 -> 570.94
A66: Total | B66: =SUM(B63:B65) -> 1 | C66: =SUM(C63:C65) -> 1631.25
A68: Verificaciones automáticas | C68: Valor | D68: Referencia | E68: Estado
A69: Total del presupuesto en el Formulario 3 (E86) | C69: ='Form 3-Presupuesto Proyecto-VF'!E86 -> 72500 | D69: =$C$3 -> 72500 | E69: =IF(ABS(C69-D69)<0.01,"OK","REVISAR") -> OK
A70: Gastos administrativos / costos indirectos (% del total) | C70: ='Form 3-Presupuesto Proyecto-VF'!E73/'Form 3-Presupuesto Proyecto-VF'!E86 -> 0.09 | D70: =$C$4 -> 0.09 | E70: =IF(C70<=D70+0.000001,"OK - no supera el tope","EXCEDE TOPE") -> OK - no supera el tope
A71: Total de costos directos (E71) | C71: ='Form 3-Presupuesto Proyecto-VF'!E71 -> 65975 | D71: =$C$3-$C$13 -> 65975 | E71: =IF(ABS(C71-D71)<0.01,"OK","REVISAR") -> OK
A72: Suma de porcentajes por componente | C72: =$B$14 -> 1 | D72: 1 | E72: =IF(ABS(C72-D72)<0.000001,"OK","REVISAR") -> OK
A73: Cuadre: suma de productos vs. monto asignado a Productos | C73: ='Form 3-Presupuesto Proyecto-VF'!E10 -> 35525 | D73: =$C$7 -> 35525 | E73: =IF(ABS(C73-D73)<0.01,"OK","REVISAR") -> OK
A74: Cuadre: Seguimiento, Monitoreo y Evaluación | C74: ='Form 3-Presupuesto Proyecto-VF'!E61 -> 8700 | D74: =$C$12 -> 8700 | E74: =IF(ABS(C74-D74)<0.01,"OK","REVISAR") -> OK
A75: Cuadre: Equipo y Herramientas | C75: ='Form 3-Presupuesto Proyecto-VF'!E47 -> 1450 | D75: =$C$10 -> 1450 | E75: =IF(ABS(C75-D75)<0.01,"OK","REVISAR") -> OK
A76: Cuadre: Personal asignado | C76: ='Form 3-Presupuesto Proyecto-VF'!E56 -> 18125 | D76: =$C$11 -> 18125 | E76: =IF(ABS(C76-D76)<0.01,"OK","REVISAR") -> OK
A77: Cuadre: Planificación y Divulgación | C77: ='Form 3-Presupuesto Proyecto-VF'!E34 -> 1450 | D77: =$C$9 -> 1450 | E77: =IF(ABS(C77-D77)<0.01,"OK","REVISAR") -> OK
